 Dungeon Crawl Stone Soup version 0.27-a0-262-gc50aac273e (webtiles) character file.

Game seed: 5670403626142268379

56 Borgoz the Ducker (level 3, -2/30 HPs)
             Began as a Ghoul Gladiator on Feb 5, 2021.
             Slain by an adder (3 damage)
             ... on level 3 of the Dungeon.
             The game lasted 00:01:45 (2429 turns).

Borgoz the Ducker (Ghoul Gladiator)                 Turns: 2429, Time: 00:01:45

Health: -2/30      AC:  1    Str: 17    XL:     3   Next: 97%
Magic:  2/2        EV: 12    Int:  3    God:
Gold:   87         SH:  0    Dex: 11    Spells: 2/2 levels left

rFire    . . .     SeeInvis .   m - +0 long sword (curse)
rCold    + . .     Faith    .   (no shield)
rNeg     + + +     Spirit   .   b - +0 leather armour
rPois    ∞         Reflect  .   c - +1 helmet
rElec    .         Harm     .   (no cloak)
rCorr    .         Rampage  .   (no gloves)
Will     .....                  (no boots)
Stlth    +.........             (no amulet)
HPRegen  0.00/turn              e - -4 ring of protection (curse)
MPRegen  0.08/turn              (no ring)

@: no status effects
A: claws 1, cold resistance 1, negative energy resistance 3, inhibited
regeneration, torment resistance, unbreathing
a: no special abilities


You were on level 3 of the Dungeon.
You visited 1 branch of the dungeon, and saw 3 of its levels.

You collected 87 gold pieces.

Inventory:

Hand Weapons
 m - a cursed +0 long sword (weapon)
Missiles
 d - 3 throwing nets (quivered)
Armour
 b - a +0 leather armour (worn)
 c - a +1 helmet (worn)
Jewellery
 e - a cursed -4 ring of protection (left claw)
Scrolls
 g - a scroll of enchant armour
Potions
 f - a potion of flight
 k - a potion of brilliance {unknown}
 l - a potion of cancellation {unknown}


   Skills:
 + Level 2.9 Fighting
 + Level 3.1 Long Blades
 - Level 1.7 Throwing
 + Level 1.3 Armour
 + Level 3.2 Dodging


You had 2 spell levels left.
You didn't know any spells.
Your spell library was empty.

Dungeon Overview and Level Annotations

Branches:
Dungeon (3/15)

Altars:


Innate Abilities, Weirdness & Mutations

You thrive by killing the living.
You are immune to poison.
You have sharp fingernails.
Your flesh is cold resistant. (rC+)
You are immune to negative energy. (rN+++)
You do not regenerate when monsters are visible.
You are immune to unholy pain and torment.
You can survive without breathing.


Message History

You are too injured to fight recklessly!
You barely miss the adder. The adder bites you.
You are too injured to fight recklessly!
You are too injured to fight recklessly!
You are too injured to fight recklessly!
You barely miss the adder. The adder bites you but does no damage.
The adder barely misses you.
You are too injured to fight recklessly!
You barely miss the adder. The adder bites you.
* * * LOW HITPOINT WARNING * * *
You closely miss the adder. The adder bites you.
* * * LOW HITPOINT WARNING * * *
The adder bites you.
* * * LOW HITPOINT WARNING * * *
You are too injured to fight recklessly!
You are too injured to fight recklessly!
You barely miss the adder. The adder bites you.
* * * LOW HITPOINT WARNING * * *
The adder bites you.
You die...

#.. #.# #.# #.#
#.#
###.###########
#.......[....<#
#.#.###########
#@#.......(
#S########. #.#
... ..# ####


You could see an adder.

Vanquished Creatures
  A worm (D:2)
  4 dart slugs
  2 leopard geckos
  2 ball pythons
  4 giant cockroaches
  4 goblins (D:1)
  4 hobgoblins
  6 kobolds
  A quokka (D:2)
  6 bats
  A frilled lizard (D:2)
  4 rats
39 creatures vanquished.

Notes
Turn   | Place    | Note
-------+----------+-------------------------------------------
     0 | D:1      | Borgoz the Ghoul Gladiator began the quest for the Orb.
     0 | D:1      | Reached XP level 1. HP: 17/17 MP: 0/0
   209 | D:1      | Reached XP level 2. HP: 25/25 MP: 1/1
   452 | D:1      | Reached skill level 1 in Armour
   453 | D:1      | Reached XP level 3. HP: 8/30 MP: 2/2
   669 | D:1      | HP: 1/30 [dart slug (1)]
  2429 | D:3      | HP: 1/30 [adder (2)]
  2429 | D:3      | Slain by an adder

Illustrated notes

Levels and vault maps discovered:
D:1:      dpeg_arrival_oval, layout_basic
D:2:      layout_basic, serial_park_tiny_2
D:3:      layout_basic, cheibrodos_ashenzari_chains, minmay_misc_feat_room,
          hangedman_decor_clover_reticule, uniq_sigmund

Skill      XL: |  1  2  3 |
---------------+----------+-----
Long Blades    | 3 |  3.1
Armour         | 1 |  1.3
Dodging        | 3 |  3.2
Fighting       | |  2.9
Throwing       | |  1.7

Action                   || total
-------------------------++-------
Melee: Long sword        ||   110
  Use: Scroll            ||     5
 Stab: Sleeping          ||     1
Armor: Leather armour    ||     3
Dodge: Dodged            ||    78
       Rpst.: Long sword ||    27

Table legend: (Time is in decaauts)
 A = Elapsed time spent in this place.
 B = Non-inter-level travel time spent in this place.
 C = Inter-level travel time spent in this place.
 D = Time resting spent in this place.
 E = Time spent auto-exploring this place.
 F = Levels seen in this place.
 G = Mean time per level.
                   A        B        C        D        E       F      G
               +--------+--------+--------+--------+--------+-----+--------+
         Total |   2454 |   2337 |    117 |    673 |   1400 |   3 |  818.0 |
       Dungeon |   2454 |   2337 |    117 |    673 |   1400 |   3 |  818.0 |
               +--------+--------+--------+--------+--------+-----+--------+

Top non-repeatable levels by time:
     D:1: 1264 daAuts
     D:2: 1164 daAuts
     D:3: 25 daAuts
